 Dungeon Sprint DCSS version 0.32-a0-18-g89e19f1974 (webtiles) character file.

Game seed: 17029197639853257913

60 zazu2006 the Thrower (level 4, -2/39 HPs)
             Began as a Gnoll Wanderer on Jan 17, 2024.
             Slain by a water elemental (11 damage)
             ... in the Dungeon (Sprint III: "The Ten Rune Challenge").
             The game lasted 00:00:46 (164 turns).

zazu2006 the Thrower (Gnoll Wanderer)                Turns: 164, Time: 00:00:47

Health: -2/39      AC:  3    Str: 12    XL:     4   Next: 6%
Magic:  7/7        EV: 12    Int: 12    God:
Gold:   10         SH:  0    Dex: 12    Spells: 8/8 levels left

rFire   . . .        a - +2 dagger
rCold   . . .        (no shield)
rNeg    . . .        f - +0 leather armour
rPois   .            (no helmet)
rElec   .            (no cloak)
rCorr   .            (no gloves)
SInv    .            (no boots)
Will    .....        (no amulet)
Stlth   ++           (no ring)
HPRegen 0.26/turn    (no ring)
MPRegen 0.10/turn

%: no teleportation
@: no status effects
A: fangs 1, strong nose, distributed training
a: no special abilities


You were in the Dungeon.
You visited 1 branch You collected 10 gold pieces.

Inventory:

Hand Weapons
 a - a +2 dagger (weapon)
 c - a +0 hand axe
Missiles
 b - a curare-tipped dart (quivered)
Armour
 f - a +0 leather armour (worn)
Scrolls
 k - a scroll of blinking
 l - 2 scrolls of immolation {unknown}
 m - 3 scrolls of identify
Potions
 d - a potion of attraction
 e - 5 potions of curing
 g - 2 potions of heal wounds
 h - a potion of haste
 i - 2 potions of magic
 j - 3 potions of mutation {unknown}
 n - 2 potions of enlightenment


   Skills:
 + Level 5.2 Fighting
 + Level 2.5 Short Blades
 + Level 2.5 Long Blades
 + Level 3.6 Axes
 + Level 2.5 Maces & Flails
 + Level 2.5 Polearms
 + Level 2.5 Staves
 + Level 2.5 Ranged Weapons
 + Level 8.9 Throwing
 + Level 7.0 Armour
 + Level 2.5 Dodging
 + Level 2.5 Stealth
 + Level 2.5 Shields
 + Level 2.5 Unarmed Combat
 + Level 2.5 Spellcasting
 + Level 2.0 Conjurations
 + Level 2.0 Hexes
 + Level 2.0 Summonings
 + Level 2.0 Necromancy
 + Level 2.0 Translocations
 + Level 2.0 Fire Magic
 + Level 2.0 Ice Magic
 + Level 2.0 Air Magic
 + Level 2.0 Earth Magic
 + Level 2.0 Alchemy
 + Level 2.7 Invocations
 + Level 2.5 Evocations
 + Level 2.2 Shapeshifting


You had 8 spell levels left.
You didn't know any spells.
Your spell library was empty.

Dungeon Overview and Level Annotations

Branches:
Dungeon (1/1)

Altars:


Innate Abilities, Weirdness & Mutations

You have very sharp teeth.
Your uncanny sense of smell can sniff out nearby items.
Your experience applies equally to all skills.


Message History

You are exhausted.
You feel yourself slow down.
You open the door.
Found 4 gold pieces and 2 orange potions.
There is an open door here.
You now have 7 gold pieces (gained 1).
j - an orange potion;
l - a scroll labelled BOSTAP IKKI
m - a scroll of identify;
j - 2 orange potions (gained 1)
e - 3 potions of curing (gained 1)
j - 3 orange potions (gained 1)
l - 2 scrolls labelled BOSTAP IKKI (gained 1)
m - 3 scrolls of identify (gained 2);
e - 5 potions of curing (gained 2)
n - 2 potions of enlightenment You now have 10 gold pieces (gained 3).
There is an open door here.
You start resting.
You feel yourself speed up.
You start resting.
You recover from your berserk rage.
As you open the door, it creaks loudly!
A water elemental comes into view.
The water elemental hits you!
There is an open door to the Ecumenical Temple here.
You hit the water elemental but do no damage.
The water elemental completely misses you.
You hit the water elemental.
The water elemental is lightly damaged.
The water elemental hits you.
The water elemental engulfs you in water!
The water engulfing you falls away.
You gasp with relief as air once again reaches your lungs.
You aren't carrying any items that you can evoke.
You hit the water elemental.
The water elemental is lightly damaged.
The water elemental hits you!
* * * LOW HITPOINT WARNING * * *
You hit the water elemental.
The water elemental is moderately damaged.
The water elemental hits you!
You die...

▓▓▓▓▓▓▓▓ ▓▓▓ <..#...####
##.# ...#......#####..# ∆
..##....)..#..#..#∆ ∆
##.##.##...#..#..###+#+##
##.##.###..##'#..#.......
#.####.##..###...E.⌠.....
.###..##..####..@#...####
#.....##..###....#.⌠.#
###..##†..##.....#...#∆
##..##....#.†....#+###
#..###..##.#.....# ∆∆
#..# #..#####....# ▓▓▓▓
▓▓▓▓ ▓▓▓▓▓▓


You could see a water elemental.

Vanquished Creatures
  Jessica (D)
  A human (D)
  A wolf (D)
  3 rats (D)
6 creatures vanquished.

Notes
Turn   | Place    | Note
-------+----------+-------------------------------------------
     0 | D        | zazu2006 the Gnoll Wanderer began the quest for the Orb.
     0 | D        | zazu2006 set off with the following items: a +2 dagger, a
                  | curare-tipped dart, a +0 hand axe, a potion of attraction,
                  | 2 potions of curing, a +0 leather armour, a potion of heal
                  | wounds, a potion of haste, 2 potions of magic, a potion of
                  | berserk rage, a scroll of blinking.
     0 | D        | Reached XP level 1. HP: 20/20 MP: 1/1
    23 | D        | Noticed Jessica
    29 | D        | Killed Jessica
    30 | D        | Reached skill level 1 in Short Blades
    30 | D        | Reached skill level 1 in Long Blades
    30 | D        | Reached skill level 1 in Maces & Flails
    30 | D        | Reached skill level 1 in Polearms
    30 | D        | Reached skill level 1 in Staves
    30 | D        | Reached skill level 1 in Ranged Weapons
    30 | D        | Reached skill level 1 in Dodging
    30 | D        | Reached skill level 1 in Stealth
    30 | D        | Reached skill level 1 in Shields
    30 | D        | Reached skill level 1 in Unarmed Combat
    30 | D        | Reached skill level 1 in Spellcasting
    30 | D        | Reached skill level 1 in Conjurations
    30 | D        | Reached skill level 1 in Hexes
    30 | D        | Reached skill level 1 in Summonings
    30 | D        | Reached skill level 1 in Necromancy
    30 | D        | Reached skill level 1 in Translocations
    30 | D        | Reached skill level 1 in Fire Magic
    30 | D        | Reached skill level 1 in Ice Magic
    30 | D        | Reached skill level 1 in Air Magic
    30 | D        | Reached skill level 1 in Earth Magic
    30 | D        | Reached skill level 1 in Alchemy
    30 | D        | Reached skill level 1 in Evocations
    30 | D        | Reached skill level 1 in Shapeshifting
    30 | D        | Reached XP level 2. HP: 12/26 MP: 1/4
    30 | D        | Reached XP level 3. HP: 15/32 MP: 1/5
   119 | D        | Reached skill level 5 in Fighting
   124 | D        | Reached XP level 4. HP: 38/39 MP: 5/7
   159 | D        | Noticed a water elemental
   164 | D        | Slain by a water elemental

Illustrated notes

Levels and vault maps discovered:
D:        dungeon_sprint_mu [sprint_mu_entry_cave, sprint_mu_temple_rooms,
          sprint_mu_d1_horrors, sprint_mu_d2_genie, sprint_mu_d3_branching,
          sprint_mu_orc_legion, sprint_mu_elf_gauntlet, sprint_mu_hive_nellie,
          sprint_mu_lair_fedhas, sprint_mu_vaults_butterflies,
          sprint_mu_slime_circle, sprint_mu_swamp_cave, sprint_mu_snake_twists,
          sprint_mu_blade_basic, sprint_mu_crypt_fortress,
          sprint_mu_tomb_spiral, sprint_mu_vestibule_basic,
          sprint_mu_gehenna_hellfire, sprint_mu_dis_giant,
          sprint_mu_tartarus_statrot, sprint_mu_cocytus_islands, sprint_mu_zot1]

Skill      XL: |  1  2  3 |
---------------+----------+-----
Short Blades   | 1 2 |  2.5
Long Blades    | 1 2 |  2.5
Axes           | 3 |  3.6
Maces & Flails | 1 2 |  2.5
Polearms       | 1 2 |  2.5
Staves         | 1 2 |  2.5
Ranged Weapons | 1 2 |  2.5
Dodging        | 1 2 |  2.5
Stealth        | 1 2 |  2.5
Shields        | 1 2 |  2.5
Unarmed Combat | 1 2 |  2.5
Spellcasting   | 1 2 |  2.5
Conjurations   | 1 2 |  2.0
Hexes          | 1 2 |  2.0
Summonings     | 1 2 |  2.0
Necromancy     | 1 2 |  2.0
Translocations | 1 2 |  2.0
Fire Magic     | 1 2 |  2.0
Ice Magic      | 1 2 |  2.0
Air Magic      | 1 2 |  2.0
Earth Magic    | 1 2 |  2.0
Alchemy        | 1 2 |  2.0
Invocations    | 2 |  2.7
Evocations     | 1 2 |  2.5
Shapeshifting  | 1 2 |  2.2
Fighting       | 5 |  5.2
Armour         | 7 |  7.0
Throwing       | |  8.9

Action                     |  1- 3 |  4- 6 || total
---------------------------+-------+-------++-------
  Melee: Dagger            |    18 |     4 ||    22
         Bite              |     2 |       ||     2
    Use: Potion            |     1 |       ||     1
   Stab: Sleeping          |     1 |       ||     1
 Armour: Leather armour    |     8 |     4 ||    12
  Dodge: Dodged            |    10 |     1 ||    11

Table legend: (Time is in decaauts)
 A = Elapsed time spent in this place.
 B = Non-inter-level travel time spent in this place.
 C = Inter-level travel time spent in this place.
 D = Time resting spent in this place.
 E = Time spent auto-exploring this place.
 F = Levels seen in this place.
 G = Mean time per level.
                   A        B        C        D        E       F      G
               +--------+--------+--------+--------+--------+-----+--------+
         Total |    168 |    168 |      0 |     78 |     14 |   1 |  168.0 |
       Dungeon |    168 |    168 |      0 |     78 |     14 |   1 |  168.0 |
               +--------+--------+--------+--------+--------+-----+--------+

Top non-repeatable levels by time:
       D: 168 daAuts
